 Dungeon Crawl Stone Soup version 0.28-a0-537-g3bccd9ccbf (webtiles) character file.

Game seed: 5159576342947327537

2440 omnomnOMINOUS the Stinger (level 9, 0/93 HPs)
             Began as an Octopode Wanderer on Sept 26, 2021.
             Was a Believer of Ru.
             Slain by a bullfrog (8 damage)
             ... on level 7 of the Dungeon on Sept 27, 2021.
             The game lasted 00:31:06 (11548 turns).

omnomnOMINOUS the Stinger (Octopode Wanderer)      Turns: 11548, Time: 00:31:07

Health: 0/93       AC:  1    Str: 10    XL:     9   Next: 49%
Magic:  10/10      EV: 15    Int: 17    God:    Ru [**....]
Gold:   91         SH:  5    Dex: 13    Spells: 4/10 levels left

rFire   x . .      SeeInvis .   a - +1 whip (elec)
rCold   . . .      Faith    .   j - +0 buckler
rNeg    . . .      Spirit   .   (helmet restricted)
rPois   .          Reflect  .   (no amulet)
rElec   .          Harm     .   u - ring of flight
rCorr   .          Rampage  .   J - ring of protection from cold
Will    .....                   (no ring)
Stlth   ..........              (no ring)
HPRegen 0.25/turn               (no ring)
MPRegen 0.12/turn               (no ring)
                                (no ring)
                                (no ring)

@: berserking, flying, very quick
A: almost no armour, amphibious, 8 rings, camouflage 1, gelatinous body 1,
temperature sensitive, (nimble swimmer 1), tentacles
a: Renounce Religion


You were on level 7 of the Dungeon.
You worshipped Ru.
Ru was pleased with you.
You visited 1 branch of the dungeon, and saw 7 of its levels.
You also visited: Sewer.

You collected 399 gold pieces.
You spent 308 gold pieces at shops.

Inventory:

Hand Weapons
 a - a +1 whip of electrocution (weapon)
 b - a +1 spear of freezing
 c - a +0 long sword
 d - a +2 dagger of venom
 e - a +0 quarterstaff
 E - a +1 whip of pain
 I - a +0 trident
Missiles
 o - 2 atropa-tipped darts
Armour
 j - a +0 buckler (worn)
Jewellery
 t - a ring of fire
 u - a ring of flight (left tentacle)
 G - an amulet of faith
 J - a ring of protection from cold (right tentacle)
 K - a ring of protection from fire
Wands
 r - a wand of polymorph (10)
 y - a wand of acid (8)
Scrolls
 f - 4 scrolls of identify {unknown}
 g - 2 scrolls of teleportation
 h - 4 scrolls of blinking {unknown}
 l - a scroll of amnesia {unknown}
 m - 2 scrolls of fear {unknown}
 n - 5 scrolls of vulnerability
 p - a scroll of torment {unknown}
 q - 2 scrolls of immolation {unknown}
 s - 3 scrolls of enchant armour {unknown}
 v - a scroll of silence {unknown}
 w - a scroll of noise {unknown}
 A - a scroll of summoning {unknown}
 F - a scroll of fog {unknown}
 H - a scroll of magic mapping {unknown}
Potions
 i - a potion of degeneration {unknown}
 k - a potion of cancellation {unknown}
 x - a potion of brilliance {unknown}
 z - a potion of resistance {unknown}
 B - a potion of berserk rage
 C - 2 potions of might {unknown}
 D - a potion of curing


   Skills:
 + Level 5.9 Fighting
 - Level 2.0 Short Blades
 + Level 5.3 Dodging
 - Level 4.0 Shields
 + Level 1.3 Spellcasting
 + Level 4.5 Conjurations
 - Level 1.0 Fire Magic
 + Level 5.0 Air Magic
 + Level 6.4 Poison Magic
 - Level 1.1 Evocations


You had 4 spell levels left.
You knew the following spells:

 Your Spells              Type           Power      Damage    Failure   Level
a - Sting                 Tmut/Pois      48%        1d5       5%          1
b - Poisonous Vapours     Pois/Air       40%        N/A       3%          2
c - Mephitic Cloud        Conj/Pois/Air  19%        N/A       7%          3

Your spell library contained the following spells:

 Spells                   Type           Power      Damage    Failure   Level
 Olgreb's Toxic Radiance  Pois           22%        N/A       14%         4
 Animate Skeleton         Necr           2%         N/A       22%         1
 Apportation              Tloc           2%         N/A       22%         1
 Summon Small Mammal      Summ           4%         N/A       22%         1
 Ignite Poison            Fire/Tmut/Pois 9%         N/A       22%         3
 Ensorcelled Hibernation  Hex/Ice        2%         N/A       32%         2
 Slow                     Hex            1%         N/A       32%         2
 Confusing Touch          Hex            1%         N/A       54%         3
 Ozocubu's Armour         Ice            1%         N/A       54%         3
 Tukima's Dance           Hex            1%         N/A       54%         3
 Animate Dead             Necr           0%         N/A       91%         4
 Alistair's Intoxication  Tmut/Pois      8%         N/A       83%         5
 Freezing Cloud           Conj/Ice/Air   5%         6-21      83%         5
 Borgnjor's Vile Clutch   Necr/Erth      0%         N/A       99%         5
 Metabolic Englaciation   Hex/Ice        0%         N/A       99%         5
 Yara's Violent Unravell  Hex/Tmut       0%         3d3       99%         5
 Death Channel            Necr           0%         N/A       100%        6
 Invisibility             Hex            0%         N/A       100%        6
 Simulacrum               Ice/Necr       0%         N/A       100%        6


Dungeon Overview and Level Annotations

Branches:
Dungeon (7/15)              Sewer (visited)
 Temple: D:4-7

Altars:
Dithmenos
Gozag
Nemelex Xobeh
Ru
Sif Muna

Shops:
D:7 :


Innate Abilities, Weirdness & Mutations

You cannot wear most types of armour.
You are amphibious.
You can wear up to eight rings at the same time.
Your skin changes colour to match your surroundings (Stealth+).
Your rubbery body absorbs attacks. (AC +1, EV +1)
You are sensitive to extremes of temperature. (rF-, rC-)
((You are camouflaged near water. (Stealth+)))
You have tentacles for arms and can constrict up to eight enemies at once.


Message History

The bolt of acid hits the steam dragon!
The steam dragon is heavily wounded.
The steam dragon breathes steam at you. The ball of steam hits you!!
The steam scalds you terribly!
An ogre comes into view. It is wielding a +0 giant spiked club.
The ogre shouts!
You hit the steam dragon. Your squeeze misses the steam dragon.
The steam dragon is severely wounded.
The steam dragon misses you. The steam dragon completely misses you.
The steam dragon bites you! You block the steam dragon's attack.
You barely miss the steam dragon.
The steam dragon is severely wounded.
A bullfrog comes into view.
The steam dragon breathes steam at you. The ball of steam hits you!
The steam scalds you terribly!
* * * LOW HITPOINT WARNING * * *
Unknown command.
The bullfrog croaks.
You hit the steam dragon but do no damage.
The steam dragon is severely wounded.
The steam dragon misses you. The steam dragon claws you.
* * * LOW HITPOINT WARNING * * *
Unknown command.
It was a potion of berserk rage.
A red film seems to cover your vision as you go berserk!
You feel yourself moving faster!
You feel mighty! The steam dragon bites you!
* * * LOW HITPOINT WARNING * * *
The steam dragon claws you.
* * * LOW HITPOINT WARNING * * *
You focus your inner power and illuminate the steam dragon in retribution!
You hit the steam dragon.
Lightning courses through the steam dragon!!
You kill the steam dragon!
The ogre barely misses you.
Your Air Magic skill increases to level 5!
You barely miss the ogre. You whack the ogre!
Lightning courses through the ogre!
The ogre is severely wounded.
The ogre closely misses you. The bullfrog hits you!
You die...

...8⌠. ......
..
#.8⌠.#######..
#...........#
#..........#
#..........#
#..........#
#....OF....#
#.....@....#
#######....#
#....# #....#
#....# #....#
#....# ######


You could see an ogre and a bullfrog.

Vanquished Creatures
  Pikel (D:4)
  Sigmund (D:4)
  A steam dragon (D:7)
  Edmund (D:4)
  A black bear (D:4)
  A necrophage (D:6)
  An ogre (D:4)
  4 lemures
  3 scorpions
  3 bullfrogs
  A gnoll sergeant (D:6)
  A wyvern skeleton (D:6)
  A water moccasin skeleton (D:5)
  2 bullfrog zombies (D:5)
  A centaur zombie (D:6)
  An orc priest (D:6)
  A hound (D:4)
  A jelly (D:6)
  4 iguanas
  Terence (D:3)
  2 gnoll shamans
  2 orc wizards (D:7)
  A howler monkey skeleton (D:5)
  15 gnolls
  14 adders
  A worm (D:2)
  A dart slug (D:4)
  12 orcs
  8 bats
  9 endoplasms
  9 giant cockroaches
  4 hobgoblins
  8 jackals
  6 kobolds
  4 quokkas
  11 ball pythons
  9 frilled lizards
  7 goblins
  A jackal skeleton (D:4)
  10 rats
165 creatures vanquished.

Notes
Turn   | Place    | Note
-------+----------+-------------------------------------------
     0 | D:1      | omnomnOMINOUS the Octopode Wanderer began the quest for the
                  | Orb.
     0 | D:1      | omnomnOMINOUS set off with the following items: a +0
                  | quarterstaff, a scroll of teleportation; and the following
                  | spell memorised: Sting; and the following spells available
                  | to memorise: Poisonous Vapours, Mephitic Cloud, Olgreb's
                  | Toxic Radiance
     0 | D:1      | Reached XP level 1. HP: 14/14 MP: 2/2
     0 | D:1      | Noticed an iron dragon
     0 | D:1      | Noticed a tentacled monstrosity
     1 | D:1      | Noticed an iron dragon
     3 | D:1      | Noticed a tentacled monstrosity
     3 | D:1      | Noticed an ice dragon
     5 | D:1      | Noticed a tentacled monstrosity
     6 | D:1      | Noticed a tentacled monstrosity
     7 | D:1      | Noticed a tentacled monstrosity
     8 | D:1      | Noticed a purple draconian
     9 | D:1      | Noticed an orb of fire
    11 | D:1      | Noticed a green draconian
    11 | D:1      | Noticed a tentacled monstrosity
    13 | D:1      | Noticed an ice dragon
    13 | D:1      | Noticed a green draconian
    15 | D:1      | Noticed an iron dragon
    17 | D:1      | Noticed a large abomination
    19 | D:1      | Noticed an ice dragon
    90 | D:1      | Reached XP level 2. HP: 10/19 MP: 3/3
   111 | D:1      | Learned a level 2 spell: Poisonous Vapours
   435 | D:1      | Reached skill level 2 in Poison Magic
   732 | D:1      | Reached XP level 3. HP: 18/25 MP: 4/4
  1240 | D:2      | Reached skill level 1 in Air Magic
  1385 | D:2      | Reached XP level 4. HP: 5/30 MP: 3/5
  1676 | D:2      | Noticed Terence
  1691 | D:3      | Killed Terence
  2432 | D:2      | Reached XP level 5. HP: 36/36 MP: 6/6
  2499 | D:3      | Learned a level 3 spell: Mephitic Cloud
  2688 | D:3      | Reached skill level 3 in Poison Magic
  3368 | D:4      | Found a glowing drain.
  3383 | Sewer    | Entered a sewer
  3713 | Sewer    | Reached XP level 6. HP: 29/42 MP: 3/7
  3821 | Sewer    | Reached skill level 1 in Conjurations
  4051 | D:4      | Noticed a black bear
  4128 | D:4      | Found a shadowy altar of Dithmenos.
  4348 | D:4      | Killed a black bear
  4349 | D:4      | Reached XP level 7. HP: 20/47 MP: 1/8
  4583 | D:4      | Reached skill level 4 in Poison Magic
  4746 | D:4      | Found a shimmering blue altar of Sif Muna.
  4753 | D:4      | Found a sacrificial altar of Ru.
  4756 | D:4      | Found a sparkling altar of Nemelex Xobeh.
  4761 | D:4      | Became a worshipper of Ru the Awakened
  4849 | D:4      | Noticed Pikel
  5485 | D:4      | Noticed Edmund
  5505 | D:4      | Killed Edmund
  5755 | D:4      | Noticed Sigmund
  5763 | D:4      | Killed Sigmund
  5764 | D:4      | Reached XP level 8. HP: 54/54 MP: 9/9
  5791 | D:5      | Entered Level 5 of the Dungeon
  6072 | D:5      | Found an opulent altar of Gozag.
  6377 | D:5      | Reached skill level 5 in Poison Magic
  6393 | D:5      | Gained mutation: You are sensitive to extremes of
                  | temperature. (rF-, rC-) [Ru sacrifice]
  6393 | D:5      | Reached * piety under Ru
  6393 | D:5      | Reached ** piety under Ru
  7618 | D:5      | Found an opulent altar of Gozag.
  8200 | D:4      | Killed Pikel
  8201 | D:4      | Reached skill level 5 in Fighting
  8345 | D:4      | Found a shadowy altar of Dithmenos.
  8638 | D:4      | Found a shimmering blue altar of Sif Muna.
  8642 | D:4      | Found a sacrificial altar of Ru.
  8645 | D:4      | Found a sparkling altar of Nemelex Xobeh.
  8717 | D:6      | Reached XP level 9. HP: 57/61 MP: 10/10
  8718 | D:6      | Upgraded the game from 0.28-a0-535-g6f645e4c1d to
                  | 0.28-a0-537-g3bccd9ccbf
  9909 | D:6      | Reached skill level 6 in Poison Magic
 10096 | D:6      | Reached skill level 5 in Dodging
 10707 | D:7      | Found Ryqyol's Book Shop.
 10815 | D:7      | Bought a Trismegistus Codex for 308 gold pieces
 11547 | D:7      | Reached skill level 5 in Air Magic
 11548 | D:7      | Slain by a bullfrog

Illustrated notes

Levels and vault maps discovered:
D:1:      shiori_arrival_whats_in_store_for_you, layout_rooms
D:2:      layout_basic, minmay_increasing_density, uniq_terence
D:3:      layout_loops_ring, chequers_serial_rivers_marsh, grunt_ministairs_6,
          chequers_serial_rivers_large_b
D:4:      layout_basic, nicolae_dithmenos_shadow_blocks, minitemple,
          portal_sewer_entry_a, sigmund_edmund_badplayer, uniq_pikel
D:5:      layout_basic, mainiacjoe_overflow_alcove_2, serial_corexii_hall,
          corexii_hall_statues_x, corexii_hall_statues_t,
          chequers_hall_statues_y, corexii_hall_statues_l,
          chequers_hall_statues_y, corexii_hall_statues_i
D:6:      layout_loops_cross
D:7:      cheibrodos_quashed, layout_gridville,
          minmay_temple_entry_drinking_statues, serial_shops, shop

Skill      XL: |  1  2  3  4  5  6  7  8  9 |
---------------+----------------------------+-----
Poison Magic   | 2 3 4 5 6 |  6.4
Air Magic      | 1 2 3 4 5 |  5.0
Dodging        | 2 3 4 5 |  5.3
Fighting       | 3 4 5 |  5.9
Shields        | 2 3 4 |  4.0
Conjurations   | 1 2 3 4 |  4.5
Short Blades   | |  2.0
Spellcasting   | |  1.3
Fire Magic     | |  1.0
Evocations     | |  1.1

Action                   |  1- 3 |  4- 6 |  7- 9 || total
-------------------------+-------+-------+-------++-------
Melee: Quarterstaff      |    24 |       |       ||    24
       Constrict         |    16 |    32 |    33 ||    81
       Tentacles         |    10 |    13 |    31 ||    54
       Dagger            |    35 |   125 |   105 ||   265
       Whip              |       |       |    56 ||    56
 Cast: Sting             |     7 |    10 |    41 ||    58
       Poisonous Vapours |       |    12 |    58 ||    70
Invok: Sacrifice Resista |       |       |     1 ||     1
Evoke: Wand              |       |       |     1 ||     1
  Use: Potion            |       |     1 |     1 ||     2
       Scroll            |       |       |     3 ||     3
 Stab: Sleeping          |     6 |     5 |     2 ||    13
Armor: Skin              |     4 |     5 |     6 ||    15
Dodge: Dodged            |    37 |    81 |   102 ||   220
Block: Buckler           |       |       |     2 ||     2

Table legend: (Time is in decaauts)
 A = Elapsed time spent in this place.
 B = Non-inter-level travel time spent in this place.
 C = Inter-level travel time spent in this place.
 D = Time resting spent in this place.
 E = Time spent auto-exploring this place.
 F = Levels seen in this place.
 G = Mean time per level.
                   A        B        C        D        E       F      G
               +--------+--------+--------+--------+--------+-----+--------+
         Total |  11538 |  11308 |    230 |   3408 |   6145 |   8 | 1442.2 |
       Dungeon |  10874 |  10644 |    230 |   3071 |   5977 |   7 | 1553.4 |
         Sewer |    663 |    663 |      0 |    337 |    168 |   1 |  663.0 |
               +--------+--------+--------+--------+--------+-----+--------+

Top non-repeatable levels by time:
     D:4: 2341 daAuts
     D:5: 2247 daAuts
     D:6: 1979 daAuts
     D:1: 1206 daAuts
     D:2: 1140 daAuts
     D:3: 1070 daAuts
     D:7: 888 daAuts
   Sewer: 663 daAuts
